 Dungeon Crawl Stone Soup version 0.29-a0-323-g050149af67 (webtiles) character file.

Game seed: 9483913093303421000

247 Dauddaud the Cudgeller (level 5, -2/47 HPs)
             Began as a Minotaur Berserker on Apr 12, 2022.
             Was a Follower of Trog.
             Slain by a gnoll
             ... wielding a +0 whip
              (8 damage)
             ... on level 4 of the Dungeon.
             The game lasted 00:04:46 (1761 turns).

Dauddaud the Cudgeller (Minotaur Berserker)         Turns: 1761, Time: 00:04:48

Health: -2/47      AC:  6    Str: 24    XL:     5   Next: 85%
Magic:  4/4        EV:  9    Int:  4    God:    Trog [*.....]
Gold:   79         SH:  0    Dex:  9    Spells: 4/4 levels left

rFire   . . .      SeeInvis .   m - +0 scythe
rCold   . . .      Faith    .   (shield currently unavailable)
rNeg    . . .      Spirit   .   g - +0 leather armour
rPois   .          Reflect  .   (helmet restricted)
rElec   .          Harm     .   k - +2 cloak
rCorr   .          Rampage  .   (no gloves)
Will    .....                   (no boots)
Stlth   +.........              (no amulet)
HPRegen 0.15/turn               (no ring)
MPRegen 0.09/turn               (no ring)

@: constricted
A: horns 2, retaliatory headbutt
a: Renounce Religion, Berserk


You were on level 4 of the Dungeon.
You worshipped Trog.
Trog was aware of your devotion.
You visited 1 branch of the dungeon, and saw 3 of its levels.

You collected 79 gold pieces.

Inventory:

Hand Weapons
 a - a +0 mace
 d - a +0 club
 h - a +0 short sword
 i - a +0 spear
 m - a +0 scythe (weapon)
Missiles
 e - 47 stones (quivered)
Armour
 b - a +0 animal skin
 g - a +0 leather armour (worn)
 k - a +2 cloak (worn)
Jewellery
 l - a ring of flight
Scrolls
 c - 3 scrolls of identify {unknown}
 o - a scroll of vulnerability {unknown}
Potions
 f - a potion of resistance {unknown}
 j - a potion of ambrosia {unknown}
 n - a potion of haste {unknown}


   Skills:
 + Level 4.9 Fighting
 + Level 6.1 Maces & Flails
 + Level 3.3 Armour
 + Level 3.3 Dodging
 + Level 0.2 Stealth


You had 4 spell levels left.
You didn't know any spells.
Your spell library contained the following spells:

 Spells                   Type           Power      Damage    Failure   Level
 Portal Projectile        Hex/Tloc       0%         N/A       88%         3
 Blade Hands              Tmut           0%         N/A       100%        5
 Excruciating Wounds      Necr           0%         N/A       100%        5


Dungeon Overview and Level Annotations

Branches:
Dungeon (2/15)

Altars:


Innate Abilities, Weirdness & Mutations

You have a pair of horns on your head.
You reflexively headbutt those who attack you in melee.


Message History

You kill the hobgoblin!
Trog accepts your kill.
You now have 79 gold pieces (gained 13).
o - a scroll labelled PACAON OMOFEI A gnoll comes into view.
It is wielding a +0 whip.
A gnoll comes into view. It is wielding a +0 vampiric halberd.
The gnoll shouts!
A gnoll comes into view. It is wielding a +0 spear.
The gnoll closely misses you. The gnoll attacks as you move away!
The gnoll hits you with a +0 whip.
A ball python comes into view.
The gnoll hits you with a +0 spear! The gnoll barely misses you.
You closely miss the gnoll. Your headbutt misses the gnoll.
The gnoll hits you with a +0 spear. The gnoll barely misses you.
You furiously retaliate!
You headbutt the gnoll, but do no damage.
The gnoll hits you with a +0 vampiric halberd!
The gnoll hits you but does no damage. x3
You fail to use your ability.
The gnoll barely misses you. You furiously retaliate!
You headbutt the gnoll. The gnoll hits you with a +0 whip.
The gnoll closely misses you.
You slash the gnoll!
The gnoll is heavily wounded.
The ball python bites you. The ball python closely misses you.
The gnoll hits you with a +0 spear. The gnoll closely misses you.
The gnoll hits you with a +0 vampiric halberd.
The gnoll draws strength from your wounds!
The ball python bites you but does no damage.
The ball python misses you. The gnoll barely misses you.
You furiously retaliate!
You headbutt the gnoll.
The gnoll hits you with a +0 vampiric halberd!
* * * LOW HITPOINT WARNING * * *
The gnoll closely misses you.
You hit the gnoll but do no damage. Your headbutt misses the gnoll.
The gnoll is moderately wounded.
The ball python bites you but does no damage.
The ball python grabs you. The ball python constricts you.
The gnoll hits you but does no damage. The ball python closely misses you.
The ball python constricts you. The gnoll hits you with a +0 whip!
You die...

# .... . . #.....## ..
....... .#.# #...#.# ...#
. ..#.#.#.. ..... .
#.......##..... . ....
#.Sg....... .
#....#..@.#.###. ...
.....#..gg....... ...
##.......##.....# ......
...#.#.#........ . #.#.#.
.#.#...#.#.#...# #.#...#.
...........#.#.#.........
.##.....##.......##.....#
.............#...........
..#.###.#....#....#.###.#


You could see 3 gnolls and a ball python.

Vanquished Creatures
  Sigmund (D:2)
  4 gnolls (D:4)
  2 dart slugs (D:2)
  6 endoplasms
  A giant cockroach (D:2)
  4 goblins
  2 hobgoblins
  4 jackals (D:2)
  A quokka (D:1)
  3 ball pythons (D:1)
  3 bats
  2 frilled lizards (D:1)
  4 kobolds
  A rat (D:2)
38 creatures vanquished.

Notes
Turn   | Place    | Note
-------+----------+-------------------------------------------
     0 | D:1      | Dauddaud the Minotaur Berserker began the quest for the
                  | Orb.
     0 | D:1      | Reached XP level 1. HP: 19/19 MP: 0/0
   188 | D:1      | Reached XP level 2. HP: 14/27 MP: 1/1
   456 | D:1      | Reached skill level 4 in Maces & Flails
   749 | D:2      | Reached XP level 3. HP: 33/33 MP: 2/2
   826 | D:2      | Noticed Sigmund
   842 | D:2      | Killed Sigmund
   843 | D:2      | Reached skill level 5 in Maces & Flails
   843 | D:2      | Reached XP level 4. HP: 4/41 MP: 3/3
   843 | D:2      | Reached XP level 5. HP: 5/47 MP: 4/4
  1352 | D:2      | You fall into a shaft and drop 2 floors!
  1367 | D:4      | Reached skill level 6 in Maces & Flails
  1761 | D:4      | Slain by a gnoll

Illustrated notes

Levels and vault maps discovered:
D:1:      amcnicky_arrival_blooded_trapdoor, layout_rooms,
          minmay_misc_feat_tower
D:2:      layout_basic, ebering_ecumenical_altar_hall, uniq_natasha,
          uniq_sigmund
D:4:      nicolae_cairo_tiling_large_dashed, layout_cave_pods, serial_shops,
          nicolae_shop_overgrown_old_shop, uniq_duvessa

Skill      XL: |  1  2  3  4  5 |
---------------+----------------+-----
Maces & Flails | 4 5 6 |  6.1
Fighting       | 4 |  4.9
Armour         | 3 |  3.3
Dodging        | 3 |  3.3
Stealth        | |  0.2

Action                   |  1- 3 |  4- 6 || total
-------------------------+-------+-------++-------
Melee: Mace              |    56 |       ||    56
       Headbutt          |    10 |     3 ||    13
       Punch             |     1 |       ||     1
       Scythe            |       |    17 ||    17
Invok: Berserk           |     3 |       ||     3
Armor: Animal skin       |     2 |       ||     2
       Leather armour    |    14 |    10 ||    24
Dodge: Dodged            |    51 |    28 ||    79

Table legend: (Time is in decaauts)
 A = Elapsed time spent in this place.
 B = Non-inter-level travel time spent in this place.
 C = Inter-level travel time spent in this place.
 D = Time resting spent in this place.
 E = Time spent auto-exploring this place.
 F = Levels seen in this place.
 G = Mean time per level.
                   A        B        C        D        E       F      G
               +--------+--------+--------+--------+--------+-----+--------+
         Total |   1817 |   1789 |     28 |    654 |    852 |   3 |  605.7 |
       Dungeon |   1817 |   1789 |     28 |    654 |    852 |   3 |  605.7 |
               +--------+--------+--------+--------+--------+-----+--------+

Top non-repeatable levels by time:
     D:2: 725 daAuts
     D:1: 666 daAuts
     D:4: 424 daAuts
